 Dungeon Crawl Stone Soup version 0.16.1-4-g8e1b745 (webtiles) character file.

213 Crauler the Stinger (level 5, 0/33 HPs)
             Began as an Octopode Venom Mage on Mar 27, 2015.
             Succumbed to poison (a potion of poison)
             ... on level 4 of the Dungeon.
             The game lasted 00:17:47 (3651 turns).

Crauler the Stinger (Octopode Venom Mage)           Turns: 3651, Time: 00:17:47

Health: 0/33       AC:  1    Str:  7    XL:     5   Next: 90%
Magic:  0/11       EV: 12    Int: 19    God:
Gold:   201        SH:  0    Dex: 12    Spells: 4 memorised, 0 levels left

rFire  . . .     SeeInvis .     d - +0 dagger
rCold  . . .     Clarity  .     (no shield)
rNeg   . . .     SustAb   +     (helmet restricted)
rPois  .         Gourm    .     (no amulet)
rElec  .         Spirit   .     h - ring of flight
rCorr  .         Warding  .     n - ring of sustain abilities
rMut   .         Stasis   .     (no ring)
MR     .....                    (no ring)
Stlth  +++.......               (no ring)
                                (no ring)
                                (no ring)
                                (no ring)

@: lethally poisoned (0 -> -11), very slightly contaminated, not resistant to
hostile enchantments, fairly stealthy
A: almost no armour, amphibious, 8 rings, constrict 8, camouflage 1, gelatinous
body 1
a: Evoke Flight


You were on level 4 of the Dungeon.
You were not hungry.

You visited 1 branch of the dungeon, and saw 4 of its levels.

You collected 201 gold pieces.

Inventory:

Hand weapons
 d - a +0 dagger (weapon)
 t - a +0 blowgun
Missiles
 u - 2 curare-tipped needles
 w - 28 poisoned needles
Jewellery
 h - a ring of flight (left tentacle)
 n - a ring of sustain abilities (right tentacle)
Scrolls
 e - 4 scrolls of remove curse {unknown}
 i - 2 scrolls of blinking {unknown}
 j - a scroll of fear {unknown}
 k - a scroll of enchant weapon {unknown}
 l - a scroll of identify {unknown}
 o - a scroll of recharging {unknown}
 v - a scroll of teleportation {unknown}
 x - 2 scrolls of immolation {unknown}
Potions
 f - a potion of beneficial mutation {unknown}
 m - a potion of poison
 p - 2 potions of haste {unknown}
 r - a potion of cure mutation {unknown}
 s - 2 potions of restore abilities {unknown}
 z - a potion of brilliance {unknown}
Books
 b - a Young Poisoner's Handbook

   Spells                             Type                      Level
   a - Sting                          Conjuration/Poison           1
   b - Cure Poison                    Poison                       2
   c - Mephitic Cloud                 Conjuration/Poison/Air       3
   d - Olgreb's Toxic Radiance        Poison                       4
   e - Venom Bolt                     Conjuration/Poison           5
Comestibles
 a - a meat ration
 c - 2 bread rations
 g - 3 beef jerkies
 q - a royal jelly
 A - 2 chunks of flesh


   Skills:
 + Level 1.5 Fighting
 + Level 2.7 Dodging
 - Level 2.6 Stealth
 * Level 3.3 Spellcasting
 * Level 2.8 Conjurations
 + Level 5.5 Poison Magic


You couldn't memorise any spells.
You knew the following spells:

 Your Spells              Type           Power        Failure   Level  Hunger
a - Sting                 Conj/Pois      ###.         2%          1    None
b - Cure Poison           Pois           ###.......   2%          2    ##.....
c - Mephitic Cloud        Conj/Pois/Air  ##......     14%         3    ###....
d - Olgreb's Toxic Radia  Pois           ###.....     17%         4    ####...


Dungeon Overview and Level Annotations

Branches:
Dungeon (4/15)
 Temple: D:4-7

Altars:
Dithmenos


Innate Abilities, Weirdness & Mutations

You cannot wear most types of armour.
You are amphibious.
You can wear up to eight rings at the same time.
You can use your tentacles to constrict many enemies at once.
Your skin changes colour to match your surroundings (Stealth).
Your rubbery body absorbs attacks (AC +1).


Message History

The jackal is moderately wounded.
You constrict the jackal. The jackal closely misses you. The jackal bites you.
* * * LOW HITPOINT WARNING * * *
The jackal barely misses you. The jackal bites you.
* * * LOW HITPOINT WARNING * * *
Unknown command.
You hit the jackal.
You kill the jackal! x2
The jackal bites you.
* * * LOW HITPOINT WARNING * * *
The jackal barely misses you. The jackal bites you.
* * * LOW HITPOINT WARNING * * *
The jackal bites you.
* * * LOW HITPOINT WARNING * * *
Unknown command.
Drink which item? (? for menu, Esc to quit)
It was a potion of poison.
That liquid tasted very nasty...
You are lethally poisoned!
You die...

... ....# ......
#...... ....)#.##
........####
.........†..#####
#...h#........
#...h@..#...
###..#.#..#.####
#................
#.#....#..###### #
#........†.#
#....#...#####
#..#.#.......#
#..#.#..##.#.#####
#..........#.#...


You could see 2 jackals.

Vanquished Creatures
  A worker ant (D:4)
  Robin (D:2)
  An adder (D:2)
  6 gnolls (D:2)
  2 worms (D:2)
  2 oozes
  10 orcs (D:3)
  2 giant cockroaches (D:1)
  16 goblins
  9 hobgoblins
  4 jackals (D:4)
  10 kobolds
  4 quokkas
  4 ball pythons
  7 bats
  3 giant geckos (D:2)
  8 rats
90 creatures vanquished.

Notes
Turn   | Place    | Note
--------------------------------------------------------------
     0 | D:1      | Crauler, the Octopode Venom Mage, began the quest for the Orb.
     0 | D:1      | Reached XP level 1. HP: 11/11 MP: 3/3
   192 | D:1      | Reached skill level 1 in Conjurations
   192 | D:1      | Reached XP level 2. HP: 15/18 MP: 1/4
   395 | D:1      | Reached skill level 5 in Poison Magic
   501 | D:1      | Reached XP level 3. HP: 20/22 MP: 4/6
  1117 | D:2      | Noticed Robin
  1175 | D:2      | Killed Robin
  1175 | D:2      | Reached skill level 1 in Fighting
  1425 | D:2      | Reached XP level 4. HP: 12/28 MP: 0/8
  1436 | D:2      | Learned a level 2 spell: Cure Poison
  1440 | D:2      | Learned a level 3 spell: Mephitic Cloud
  1898 | D:2      | Reached XP level 5. HP: 18/33 MP: 1/11
  1948 | D:2      | Learned a level 4 spell: Olgreb's Toxic Radiance
  2664 | D:3      | Found a shadowy altar of Dithmenos.
  3649 | D:4      | HP: 1/33 [jackal (2)]
  3651 | D:4      | Succumbed to poison (a potion of poison)

Action                   |  1- 3 |  4- 6 || total
-------------------------+-------+-------++-------
Melee: Dagger            |    48 |    41 ||    89
 Cast: Sting             |    54 |    94 ||   148
       Mephitic Cloud    |       |     4 ||     4
       Cure Poison       |       |     3 ||     3
  Use: Potion            |       |     1 ||     1
 Stab: Sleeping          |     1 |       ||     1
       Confused          |       |     1 ||     1
  Eat: Chunk             |     2 |     7 ||     9
